 Dungeon Crawl Stone Soup version 0.29.1-1-gd02db6906a (webtiles) character file.

Game seed: 11058196769467496890

561 mcbry74 the Chopper (level 7, -14/63 HPs)
             Began as a Hill Orc Fighter on Oct 3, 2022.
             Demolished by an orc warrior
             ... wielding a +0 trident
              (18 damage)
             ... on level 4 of the Dungeon.
             The game lasted 00:05:48 (3089 turns).

mcbry74 the Chopper (Hill Orc Fighter)              Turns: 3089, Time: 00:05:49

Health: -14/63     AC:  8    Str: 21    XL:     7   Next: 31%
Magic:  7/7        EV:  9    Int:  8    God:
Gold:   84         SH:  4    Dex: 10    Spells: 6/6 levels left

rFire   . . .      SeeInvis .   a - +0 war axe
rCold   . . .      Faith    .   c - +0 buckler
rNeg    . . .      Spirit   .   b - +0 scale mail
rPois   .          Reflect  .   (no helmet)
rElec   .          Harm     .   (no cloak)
rCorr   .          Rampage  .   (no gloves)
Will    +....                   e - +0 pair of boots
Stlth   ..........              (no amulet)
HPRegen 0.20/turn               f - ring of willpower
MPRegen 0.10/turn               (no ring)

@: no status effects
A: no striking features
a: no special abilities


You were on level 4 of the Dungeon.
You visited 1 branch of the dungeon, and saw 5 of its levels.

You collected 84 gold pieces.

Inventory:

Hand Weapons
 a - a +0 war axe (weapon)
Missiles
 k - 8 poisoned darts (quivered)
Armour
 b - a +0 scale mail (worn)
 c - a +0 buckler (worn)
 e - a +0 pair of boots (worn)
 t - the +1 leather armour "Nanyexi" {rC+ Regen+ SInv}
   (You found it on level 5 of the Dungeon)

   rC:        It protects you from cold.
   SInv:      It lets you see invisible.
   Regen:     It increases your rate of health regeneration.
Jewellery
 f - a ring of willpower (left hand)
 q - a ring of flight
 s - a ring of protection from cold
Wands
 d - a wand of flame (16)
Scrolls
 g - 3 scrolls of fog {unknown}
 j - 2 scrolls of vulnerability {unknown}
 m - a scroll of brand weapon {unknown}
 n - a scroll of enchant weapon {unknown}
Potions
 h - a potion of flight {unknown}
 i - a potion of haste
 l - 2 potions of attraction {unknown}
 o - 2 potions of curing {unknown}
 p - a potion of lignification {unknown}
 r - a potion of heal wounds {unknown}


   Skills:
 + Level 6.0 Fighting
 * Level 7.9 Axes
 - Level 4.0 Armour
 - Level 4.0 Shields


You had 6 spell levels left.
You didn't know any spells.
Your spell library contained the following spells:

 Spells                   Type           Power      Damage    Failure   Level
 Magic Dart               Conj           0%         1d3       83%         1
 Call Imp                 Summ           0%         N/A       92%         2
 Call Canine Familiar     Summ           0%         N/A       99%         3
 Mephitic Cloud           Conj/Pois/Air  0%         N/A       99%         3
 Ozocubu's Armour         Ice            0%         N/A       99%         3
 Portal Projectile        Hex/Tloc       0%         N/A       99%         3
 Leda's Liquefaction      Hex/Erth       0%         N/A       100%        4
 Metabolic Englaciation   Hex/Ice        0%         N/A       100%        5
 Simulacrum               Ice/Necr       0%         N/A       100%        6


Dungeon Overview and Level Annotations

Branches:
Dungeon (5/15)
 Temple: D:4-7

Altars:

Shops:
D:3 [


Message History

You hit the orc warrior but do no damage.
The orc warrior misses you.
You closely miss the orc warrior.
The orc warrior hits you with a +0 trident!
You closely miss the orc warrior.
The orc warrior hits you with a +0 trident!
You slash the orc warrior!
The orc warrior is severely wounded.
The orc warrior hits you with a +0 trident.
You block the orc warrior's attack.
You closely miss the orc warrior.
The orc warrior is severely wounded.
The orc warrior hits you with a +0 trident.
* * * LOW HITPOINT WARNING * * *
You hit the orc warrior.
The orc warrior is almost dead.
The orc warrior hits you but does no damage.
You barely miss the orc warrior.
The orc warrior is almost dead.
The orc warrior closely misses you.
You hit the orc warrior but do no damage.
The orc warrior is almost dead.
The orc warrior hits you with a +0 trident.
* * * LOW HITPOINT WARNING * * *
You hit the orc warrior but do no damage.
The orc warrior is almost dead.
The orc warrior hits you with a +0 trident.
* * * LOW HITPOINT WARNING * * *
You closely miss the orc warrior.
The orc warrior is almost dead.
The orc warrior hits you with a +0 trident.
* * * LOW HITPOINT WARNING * * *
You closely miss the orc warrior.
The orc warrior is almost dead.
The orc warrior hits you but does no damage.
You block the orc warrior's attack.
You closely miss the orc warrior.
The orc warrior is almost dead.
The orc warrior hits you with a +0 trident!!
You die...

#.#..##.....#...#..###♣P~P♣♣###.#
#.#...#.#####.....## ♣♣~P♣ #.#
...<.....>###..##.# ♣P~P♣ #.#
#.#.)...#.##....#.♣♣♣♣♣P~P♣♣♣♣♣.#
#.#.#####..^....##♣.♣~~~~~♣P~PP.#
#.#...###..........~...~~~~~.~..#
................##~P♣♣♣~~~♣~P♣♣##
................##♣♣♣ ♣♣~♣♣♣♣♣
................@# ♣♣.P♣
..........####.o.# ♣P~.♣
..........# #...# ♣P~P♣
..........# #...# ♣P.~♣
~P.....#..##############.##
♣♣.....#..........##.....#
♣~.....#..........#..#####
~~~.####............##
.....)...........##.#


You could see an orc warrior.

Vanquished Creatures
  Eustachio (D:4)
  A water moccasin (D:4)
  A hound (D:4)
  A jelly (D:5)
  Jessica (D:3)
  Natasha (thrice) (D:3)
  4 iguanas (D:4)
  2 adders
  A dart slug (D:4)
  A worm (D:3)
  2 orcs
  A bat (D:2)
  3 endoplasms
  A giant cockroach (D:2)
  2 goblins
  3 hobgoblins (D:4)
  5 kobolds
  A quokka (D:4)
  9 ball pythons
  A frilled lizard (D:1)
  2 rats
46 creatures vanquished.

Vanquished Creatures (others)
  4 plants (D:4)
4 creatures vanquished.

Grand Total: 50 creatures vanquished

Notes
Turn   | Place    | Note
-------+----------+-------------------------------------------
     0 | D:1      | mcbry74 the Hill Orc Fighter began the quest for the Orb.
     0 | D:1      | Reached XP level 1. HP: 19/19 MP: 1/1
   144 | D:1      | Reached skill level 3 in Axes
   219 | D:1      | Reached XP level 2. HP: 27/27 MP: 2/2
   420 | D:3      | Noticed Jessica
   422 | D:3      | Found Jeefuo's Armour Emporium.
   423 | D:3      | Killed Jessica
   424 | D:3      | Reached XP level 3. HP: 33/33 MP: 3/3
   666 | D:3      | Reached skill level 4 in Axes
   691 | D:3      | Noticed Natasha
   698 | D:3      | Killed Natasha
   699 | D:3      | Reached XP level 4. HP: 23/40 MP: 4/4
   717 | D:3      | Noticed Natasha
   724 | D:3      | Killed Natasha
   836 | D:3      | Noticed Natasha
   845 | D:3      | Killed Natasha
   846 | D:3      | Reached XP level 5. HP: 30/47 MP: 5/5
  1360 | D:4      | Reached skill level 5 in Axes
  1751 | D:4      | Noticed Eustachio
  1772 | D:4      | Reached XP level 6. HP: 52/55 MP: 6/6
  1802 | D:4      | Killed Eustachio
  1803 | D:4      | Reached skill level 5 in Fighting
  1803 | D:4      | Reached skill level 6 in Axes
  2162 | D:4      | Reached skill level 7 in Axes
  2475 | D:4      | Noticed a water moccasin
  2492 | D:4      | Killed a water moccasin
  2493 | D:4      | Reached XP level 7. HP: 37/62 MP: 7/7
  2907 | D:5      | Entered Level 5 of the Dungeon
  2914 | D:5      | Identified the +1 leather armour "Nanyexi" {rC+ Regen+
                  | SInv}
  3087 | D:4      | HP: 3/63 [orc warrior/+0 trident (6)]
  3089 | D:4      | Demolished by an orc warrior

Illustrated notes

Levels and vault maps discovered:
D:1:      scummos_arrival_star, layout_rooms,
          shapermc_ecumenical_altar_acropolis, minmay_pentomino_x4
D:2:      layout_loops_corners, minmay_misc_feat_pillars
D:3:      layout_loops_ring, serial_shops, nicolae_shop_crystal, uniq_jessica,
          uniq_natasha
D:4:      layout_basic, serial_bayou, serial_bayou_crossing,
          serial_bayou_pond_a, serial_bayou_pond_d, serial_bayou_shore_a,
          uniq_eustachio
D:5:      layout_basic, minmay_temple_entry_tees, st_stairs_11,
          minmay_checkerbox

Skill      XL: |  1  2  3  4  5  6  7 |
---------------+----------------------+-----
Axes           | 3 4 5 7 |  7.9
Fighting       | 4 5 6 |  6.0
Armour         | 4 |  4.0
Shields        | 4 |  4.0

Action                   |  1- 3 |  4- 6 |  7- 9 || total
-------------------------+-------+-------+-------++-------
Melee: War axe           |    44 |    92 |    18 ||   154
Throw: Dart              |       |     3 |       ||     3
  Use: Potion            |       |     1 |       ||     1
Armor: Scale mail        |    25 |    42 |     3 ||    70
Dodge: Dodged            |    16 |    46 |     3 ||    65
Block: Buckler           |    11 |    20 |     3 ||    34
